 Dungeon Crawl Stone Soup version 0.22.1-2-g9c5b331 (webtiles) character file.

468 shakethe the Skirmisher (level 6, -1/51 HPs)
             Began as a Demonspawn Gladiator on Nov 21, 2018.
             Killed from afar by an orc wizard (4 damage)
             ... with a puff of flame
             ... on level 4 of the Dungeon.
             The game lasted 00:09:40 (5041 turns).

shakethe the Skirmisher (Demonspawn Gladiator)      Turns: 5041, Time: 00:09:41

Health: -1/51      AC:  8    Str: 12 (14) XL:     6   Next: 81%
Magic:  6/6        EV: 12    Int:  9 (12) God:
Gold:   121        SH:  0    Dex: 15 (16) Spells: 5/5 levels left

rFire    + . .     SeeInvis .   q - +0 hand axe
rCold    . . .     Gourm    .   (no shield)
rNeg     . . .     Faith    .   b - +0 leather armour
rPois    .         Spirit   .   c - +0 helmet
rElec    .         Reflect  .   D - scarf {repulsion}
rCorr    .         Harm     .   j - +0 pair of gloves
MR       .....                  w - +0 pair of boots
Stlth    +.........             t - amulet of magic regeneration
HPRegen  0.17/turn              m - +2 ring of dexterity
MPRegen  0.35/turn              (no ring)

@: flying, hasted, repel missiles, very quick
A: iridescent scales 1, fire resistance 1, powered by pain 1, flame cloud
immunity
a: no special abilities


You were on level 4 of the Dungeon.
You were hungry.

You visited 1 branch of the dungeon, and saw 4 of its levels.

You collected 121 gold pieces.

Inventory:

Hand Weapons
 a - a +0 rapier
 q - a +0 hand axe (weapon)
Missiles
 d - 2 throwing nets (quivered)
Armour
 b - a +0 leather armour (worn)
 c - a +0 helmet (worn)
 j - a +0 pair of gloves (worn)
 w - a +0 pair of boots (worn)
 D - a scarf of repulsion (worn)
Jewellery
 m - a +2 ring of dexterity (left hand)
 t - an amulet of magic regeneration (around neck)
Wands
 s - a wand of enslavement (9)
 B - a wand of iceblast (9)
Scrolls
 g - a scroll of immolation
 h - a scroll of noise {unknown}
 i - 2 scrolls of identify
 o - a scroll of teleportation {unknown}
 p - a scroll of fog {unknown}
 r - a scroll of amnesia {unknown}
 u - a scroll of enchant weapon {unknown}
 v - 3 scrolls of blinking {unknown}
 y - 2 scrolls of remove curse
 C - a scroll of magic mapping {unknown}
Potions
 n - a potion of resistance
 A - a potion of might
Comestibles
 f - 6 rations


   Skills:
 - Level 5.3 Fighting
 - Level 2.6 Short Blades
 + Level 4.5 Axes
 - Level 1.7 Throwing
 - Level 2.6 Dodging


You had 5 spell levels left.
You didn't know any spells.
Your spell library was empty.

Dungeon Overview and Level Annotations

Branches:
Dungeon (4/15)
 Temple: D:4-7

Altars:


Innate Abilities, Weirdness & Mutations

You are partially covered in iridescent scales. (AC +2)
Your flesh is heat resistant. (rF+)
You sometimes gain a little power by taking damage.
You are immune to clouds of flame.


Message History

The orc barely misses you.
You feel better. Something hits you but does no damage.
The orc hits you but does no damage.
You feel yourself speed up.
You hear some strange, mumbled words.
A puff of flame appears from out of thin air!
The puff of flame hits you! You resist.
* * * LOW HITPOINT WARNING * * *
The orc misses you.
You reach down and open the door.
You hear some strange, mumbled words.
A magic dart appears from out of thin air!
The magic dart hits you!
There is an open door here.
A puff of flame appears from out of thin air!
The puff of flame hits you! You resist.
* * * LOW HITPOINT WARNING * * *
A puff of flame appears from out of thin air!
The puff of flame hits you! You resist.
You die...

######### #.......#
######### #.#####.#
#........ #.# #.#
#######.######.
#.#####.####.......# #.
###.##.....@).....##.#### #.
#.))...##..###.##.......###.
#.#.#####...##.####.........
#.#.####.....#.# #..##.###.
#.#.........##.####..##.# #.
##.########.###..........#
#. ##.....## #.#
#####..##### #. ##.......#
#o# #.)# #. #........# ##'##
#..#######.


You could see an orc.

Vanquished Creatures
  A hound (D:3)
  4 orc wizards
  2 orc priests
  A worker ant (D:4)
  2 hound skeletons (D:4)
  3 gnolls
  5 adders
  An ooze (D:3)
  3 worms
  A dart slug (D:3)
  4 leopard geckos
  25 orcs
  A ball python (D:3)
  4 giant cockroaches
  9 goblins
  3 hobgoblins
  4 jackals
  10 kobolds
  A quokka (D:2)
  15 bats
  5 frilled lizards
  A jackal skeleton (D:4)
  8 rats
113 creatures vanquished.

Notes
Turn   | Place    | Note
-------+----------+-------------------------------------------
     0 | D:1      | shakethe the Demonspawn Gladiator began the quest for the
                  | Orb.
     0 | D:1      | Reached XP level 1. HP: 16/16 MP: 1/1
    71 | D:1      | Gained mutation: Your flesh is heat resistant. (rF+)
                  | [demonic ancestry]
    71 | D:1      | Reached XP level 2. HP: 14/23 MP: 2/2
    84 | D:1      | Reached skill level 3 in Fighting
   974 | D:1      | Gained mutation: You are partially covered in iridescent
                  | scales. (AC +2) [demonic ancestry]
   974 | D:1      | Reached XP level 3. HP: 20/29 MP: 3/3
  1540 | D:2      | Reached skill level 4 in Fighting
  1992 | D:2      | Gained mutation: You sometimes gain a little power by
                  | taking damage. [demonic ancestry]
  1992 | D:2      | Reached XP level 4. HP: 6/38 MP: 4/4
  2960 | D:3      | Reached skill level 1 in Axes
  3173 | D:2      | Reached XP level 5. HP: 38/43 MP: 5/5
  3510 | D:3      | Reached skill level 5 in Fighting
  3619 | D:3      | Found a faded altar of an unknown god.
  4245 | D:3      | Gained mutation: You are immune to clouds of flame.
                  | [demonic ancestry]
  4245 | D:3      | Reached XP level 6. HP: 51/51 MP: 6/6
  4586 | D:4      | Paralysed by an orc wizard for 5 turns
  5022 | D:4      | HP: 1/51 [something/puff of flame (5)]
  5041 | D:4      | Killed from afar by an orc wizard

Skill      XL: |  1  2  3  4  5  6 |
---------------+-------------------+-----
Fighting       | 3 4 5 |  5.3
Axes           | 1 2 4 |  4.5
Short Blades   | |  2.6
Throwing       | |  1.7
Dodging        | |  2.6

Action                   |  1- 3 |  4- 6 || total
-------------------------+-------+-------++-------
Melee: Rapier            |   114 |       ||   114
       Short sword       |   100 |       ||   100
       Hand axe          |       |   329 ||   329
Throw: Throwing net      |     2 |       ||     2
  Use: Scroll            |     3 |       ||     3
       Potion            |     2 |     5 ||     7
 Stab: Sleeping          |     2 |     1 ||     3
  Eat: Chunk             |     3 |     7 ||    10
       Ration            |       |     1 ||     1
Armor: Leather armour    |   105 |   145 ||   250
Dodge: Dodged            |   198 |   261 ||   459
       Deflected         |       |     1 ||     1
